woodfighter, chaotic female orcish Cavewoman ----------- ---.........| ------- --------- |...........|#########-.....| #-.......| .... ##-...........|# |.....| ###|.......| .@....| # |...........|# |..>..| #`#|.......| ......| ### |...........|# ##......|### |.......| ---|- # |.........--- # -|---- # #........| # ### ---------|- ### # # #------.-- # # # # # # # # # ### # ### ####### # # ### ### # # # -.-.--# # # # ### # # |.....# # ### ## # # # |<...| ### # -.---------# # # |.....## # |.........|# ## # |..*.| # # |.........|# --------|-----# |....| ###---.---- |.........-# |.............# ------ #-.>....| ----------- |............| |......| -------------- -------- woodfighter the Cave Girl Experience level: 2 Strength: 18/03 Dexterity: 11 Constitution: 18 Intelligence: 10 Wisdom: 8 Charisma: 8 Health: 0(20) Energy: 8(8) Def: 2 Gold: 130 Moves: 1178 Dungeon seed: gK4lH851TzS_rBwh Game ID: woodfighter_1488647443 Your Inventory: Coins $ - 130 gold pieces Weapons a - a +1 club (weapon in hand) b - a +2 sling (alternate weapon; not wielded) Armor q - an uncursed +0 leather armor (being worn) Comestibles d - 3 uncursed food rations Spellbooks m - an uncursed spellbook of dig Potions g - an uncursed potion of healing i - a blessed potion of speed l - a cursed potion of sickness Rings f - an uncursed ring of shock resistance h - an uncursed ring of poison resistance Tools y - an uncursed skeleton key Gems e - 12 uncursed flints (in quiver) Spells and supernatural/magical abilities: Name Level Category Fail Memory W - pray for help -- divine ? -- Your skills at the end: Miscellaneous Skills bare handed combat [Basic] Weapon Skills scimitar [Basic] club [Basic] sling [Basic] Spellcasting Skills Final Attributes: You were piously aligned. You were poison resistant. You had infravision. You were very stealthy. You are dead. Vanquished creatures: 2 gas spores 3 jackals a fox a kobold 5 newts 3 grid bugs 2 kobold zombies 17 creatures vanquished. Voluntary challenges: You did not adorn yourself with jewelry or accessories. You did not cause conflict. You were not invisible. You did not have reflection. You were not displaced. You used a wielded weapon 17 times, starting on turn 115. You did not apply a unicorn horn. You did not use plumbed fixtures. You did not drink any magical draughts. You were illiterate. You never genocided any monsters. You never polymorphed an object. You never changed form. You used no wishes. You never split a pudding. You never wrote Elbereth's name. You never violated your personal moral code. Dungeon overview: The Dungeons of Doom: levels 1 to 4 Level 1 a fountain a long staircase Level 2 an altar to Anu, a sink Level 3 <- You were here stairs to The Gnomish Mines Level 4 The Gnomish Mines: Level 4 stairs to The Dungeons of Doom History has recorded: On T:1 you entered the Dungeons of Doom to retrieve the Amulet of Yendor! On T:212 you reached level 2 of The Dungeons of Doom. On T:800 you reached level 3 of The Dungeons of Doom. On T:903 you reached level 1 of The Gnomish Mines. On T:971 you advanced to experience level 2. On T:980 you reached level 4 of The Dungeons of Doom. Score breakdown: Gold: 130 ( 13 points) Experience: 2 levels ( 100 points) Exploration: 4 levels ( 90 points) Discoveries: 7 items ( 350 points) Variety of kills: 7 monsters ( 350 points) Major goal: (nothing yet) ( 0 points) Survival: died (score multiplied by 3) Total score: 2709 Latest messages: Nowhere else around here can be automatically explored. This door is locked. You succeed in unlocking the door. The door opens. You stop exploring. Nowhere else around here can be automatically explored. You stop searching. The fox bites! (2x) You kill the fox! You hear the chime of a cash register. The door opens. You stop exploring. The grid bug misses. The grid bug bites! You get zapped! You kill the grid bug! The grid bug bites! You get zapped! You kill the grid bug! You kill the newt! The door opens. $ - 5 gold pieces. You stop exploring. You kill the gas spore! You are caught in the gas spore's explosion! Final status: Goodbye woodfighter the Cavewoman, killed by a gas spore's explosion... You died in The Dungeons of Doom on dungeon level 3 with 2709 points, and 130 pieces of gold, after 1178 moves. You were level 2 with a maximum of 20 hit points when you died.